 Dungeon Crawl Stone Soup version 0.25-a0-544-gee0576305d (webtiles) character file.

Game seed: 6091681685475611832, levelgen mode: deterministic

57 kae the Skirmisher (level 3, -2/29 HPs)
             Began as a Demonspawn Fighter on Feb 20, 2020.
             Killed by divine providence
             ... invoked by an orc priest
              (13 damage)
             ... on level 3 of the Dungeon.
             The game lasted 00:02:27 (1622 turns).

kae the Skirmisher (Demonspawn Fighter)             Turns: 1622, Time: 00:02:28

Health: -2/29      AC:  6    Str: 22    XL:     3   Next: 73%
Magic:  3/3        EV:  7    Int:  9    God:
Gold:   131        SH:  9    Dex: 12    Spells: 2/2 levels left

rFire    + . .     SeeInvis .   a - +0 flail
rCold    . . .     Gourm    .   c - +0 kite shield
rNeg     . . .     Faith    .   b - +0 scale mail
rPois    .         Spirit   .   (no helmet)
rElec    .         Reflect  .   (no cloak)
rCorr    .         Harm     .   (no gloves)
MR       .....                  (no boots)
Stlth    ..........             (no amulet)
HPRegen  0.09/turn              (no ring)
MPRegen  0.08/turn              (no ring)

@: mighty
A: fire resistance 1, powered by death 1
a: no special abilities


You were on level 3 of the Dungeon.
You were not hungry.

You visited 1 branch of the dungeon, and saw 3 of its levels.

You collected 131 gold pieces.

Inventory:

Hand Weapons
 a - a +0 flail (weapon)
Armour
 b - a +0 scale mail (worn)
 c - a +0 kite shield (worn)
Jewellery
 o - a cursed ring of teleportation {unknown}
Scrolls
 g - 2 scrolls of identify
 i - 2 scrolls of random uselessness {unknown}
 l - a scroll of amnesia {unknown}
 n - 2 scrolls of remove curse
Potions
 e - a potion of resistance
 h - 2 potions of curing {unknown}
 k - a potion of brilliance {unknown}
 m - 2 potions of invisibility {unknown}
Comestibles
 f - 4 rations
 j - 2 chunks of flesh


   Skills:
 + Level 3.6 Fighting
 * Level 3.2 Maces & Flails
 - Level 2.6 Armour
 - Level 2.6 Shields


You had 2 spell levels left.
You didn't know any spells.
Your spell library was empty.

Dungeon Overview and Level Annotations

Branches:
Dungeon (3/15)

Altars:
Cheibriados

Annotations:
D:3 Robin


Innate Abilities, Weirdness & Mutations

Your flesh is heat resistant. (rF+)
You regenerate a little health from kills.


Message History

The orc priest is severely wounded.
You block the bat's attack.
The orc priest invokes the aid of Beogh against you.
Pain shoots through your body! The orc hits you but does no damage.
The bat hits you but does no damage.
A goblin comes into view.
The goblin hits you.
Robin roars a battlecry!
The goblin goes into a battle-frenzy!
The orc priest looks encouraged for a moment.
The orc hits you from afar with a +0 trident.
A goblin comes into view. It is wielding a +0 dagger.
You hear an angry hiss.
You hit the orc priest.
The orc priest is almost dead.
The bat hits you but does no damage. The bat barely misses you.
The goblin barely misses you.
The orc priest invokes the aid of Beogh against you.
Beogh smites you!
You die...

....... .......
.....!. .......
....... ...?...
##.......
#.#####l.......


#.gg@bggg.g.b.. #.oo#####.g.... #...so# ...... ##.... .!... #..#. ...h. .. ##
.... . .##. You could see Robin, an orc priest, 2 orcs, a giant cockroach, 6
goblins, a bat and a frilled lizard.

Vanquished Creatures
  A dart slug (D:1)
  7 giant cockroaches
  7 hobgoblins
  4 jackals (D:1)
  7 kobolds
  A quokka (D:2)
  9 bats
  4 frilled lizards
  4 goblins
  6 rats (D:1)
50 creatures vanquished.

Notes
Turn   | Place    | Note
-------+----------+-------------------------------------------
     0 | D:1      | kae the Demonspawn Fighter began the quest for the Orb.
     0 | D:1      | Reached XP level 1. HP: 18/18 MP: 1/1
    52 | D:1      | Gained mutation: Your flesh is heat resistant. (rF+)
                  | [demonic ancestry]
    52 | D:1      | Reached XP level 2. HP: 14/24 MP: 2/2
   424 | D:1      | Gained mutation: You regenerate a little health from kills.
                  | [demonic ancestry]
   424 | D:1      | Reached XP level 3. HP: 18/29 MP: 3/3
  1389 | D:2      | Found a snail-covered altar of Cheibriados.
  1615 | D:3      | Noticed Robin
  1622 | D:3      | Killed from afar by an orc priest

Levels and vault maps discovered:
D:1:      grunt_arrival_crossed_arrows, layout_rooms, corexii_leaking_fountain,
          minmay_pentomino_t4
D:2:      layout_basic, old_standard_altar, first_ration
D:3:      layout_rooms, chequers_decorated_corner, uniq_robin, uniq_jessica

Skill      XL: |  1  2  3 |
---------------+----------+-----
Maces & Flails | 2 3 |  3.2
Fighting       | |  3.6
Armour         | |  2.6
Shields        | |  2.6

Action                   || total
-------------------------++-------
Melee: Flail             ||   197
  Use: Scroll            ||     6
       Potion            ||     1
  Eat: Chunk             ||     3
Armor: Scale mail        ||   138
Dodge: Dodged            ||    71
Block: Kite shield       ||   127

Table legend:
 A = Non-vault XP
 B = Vault XP
 C = Vault XP percentage of total XP
 D = Non-vault monster count
 E = Vault monster count
 F = Vault count percentage of total count
                 A         B        C        D         E       F
            +---------+---------+-------+---------+---------+-------
      Total |      76 |       6 |   7.3 |      46 |       4 |   8.0
            +---------+---------+-------+---------+---------+-------
        D:1 |      52 |       5 |   8.8 |      32 |       3 |   8.6
        D:2 |      22 |       0 |   0.0 |      13 |       0 |   0.0
        D:3 |       2 |       1 |  33.3 |       1 |       1 |  50.0
            +---------+---------+-------+---------+---------+-------
